 Dungeon Crawl Stone Soup version 0.30-a0-458-g86641cc369 (webtiles) character file.

Game seed: 15867925491751859406

4162915 freelancePsychic the Heavyweight Champion (level 26, 261/261 HPs)
             Began as a Troll Enchanter on Dec 13, 2022.
             Was the Champion of Jiyva.
             Escaped with the Orb
             ... and 5 runes on Dec 14, 2022!
             The game lasted 01:40:12 (47745 turns).

freelancePsychic the Heavyweight Champion (TrEn)   Turns: 47745, Time: 01:40:13

Health: 261/261    AC: 45    Str: 25    XL:     26   Next: 8%
Magic:  23/23      EV: 11    Int: 11    God:    Jiyva [******]
Gold:   3955       SH: 13    Dex: 12    Spells: 27/27 levels left

rFire   + . .      SeeInvis +      - Unarmed
rCold   + + .      Faith    .    x - +2 kite shield {rC+}
rNeg    . . .      Spirit   .    S - +7 storm dragon scales
rPois   +          Reflect  .    V - +2 hat
rElec   +          Harm     .    X - +2 cloak
rCorr   +          Rampage  .    (gloves unavailable)
Will    +++..                    (boots unavailable)
Stlth   ..........               L - amulet of Vitality {RegenMP++ Regen++}
HPRegen 4.63/turn                P - ring of Kindness {rPois rF+ rC+ SInv}
MPRegen 1.48/turn                J - ring of the Tortoise {AC+8}

@: studying 4 skills
A: large, unfitting armour, claws 3, regeneration 1, shaggy fur 1, tough skin 1,
iridescent scales 2, clumsy 1, deterioration 1, frail 1, strong-willed 2, weak
1, eyeballs 3, translucent skin 3
0: Orb of Zot
}: 5/15 runes: barnacled, slimy, silver, abyssal, gossamer
a: Renounce Religion, Oozemancy, Slimify


You escaped.
You worshipped Jiyva.
Jiyva was exalted by your worship.
You visited 10 branches of the dungeon, and saw 52 of its levels.
You visited the Abyss 2 times.
You also visited: Ice Cave and Desolation.

You collected 8181 gold pieces.
You spent 4226 gold pieces at shops.

Inventory:

Missiles
 e - 5 silver boomerangs
 n - 7 javelins
 C - 3 silver javelins
 E - 50 boomerangs
 G - 56 large rocks (quivered)
 O - 6 throwing nets
Armour
 i - +0 pearl dragon scales
 w - +0 gold dragon scales
 x - a +2 kite shield of cold resistance (worn)
 S - +7 storm dragon scales (worn)
 V - a +2 hat (worn)
 W - a +0 tower shield
 X - a +2 cloak (worn)
Jewellery
 j - the amulet "Dopoazueje" {Spirit Harm rCorr}
   (You found it on level 4 of the Realm of Zot)

   [amulet of guardian spirit]

   It causes incoming damage to be divided between your reserves of health and
   magic.
   rCorr:     It protects you from acid and corrosion.
   Harm:      It increases damage dealt and taken.
 F - the ring of Desertification {rElec rPois rC+ Str+6}
   (You found it in the Desolation of Salt)

   [ring of strength]

   Str:       It affects your strength (+6).
   rC:        It protects you from cold.
   rElec:     It insulates you from electricity.
   rPois:     It protects you from poison.
 J - the ring of the Tortoise (right claw) {AC+8}
   (You found it on level 5 of the Pits of Slime)

   [ring of protection]

   AC:        It affects your AC (+8).
 L - the amulet of Vitality (around neck) {RegenMP++ Regen++}
   (You bought it in a shop on level 3 of the Elven Halls)

   [amulet of magic regeneration]

   It increases your rate of magic regeneration.
   Regen:     It increases your rate of health regeneration.
 P - the ring of Kindness (left claw) {rPois rF+ rC+ SInv}
   (You bought it in a shop on level 2 of the Orcish Mines)

   [ring of poison resistance]

   rF:        It protects you from fire.
   rC:        It protects you from cold.
   rPois:     It protects you from poison.
   SInv:      It lets you see invisible.
 T - the ring "Ekhiolep" {rPois rN+ rCorr Int+2}
   (You took it off an ironbound convoker in the Desolation of Salt)

   [ring of resist corrosion]

   Int:       It affects your intelligence (+2).
   rPois:     It protects you from poison.
   rN:        It protects you from negative energy.
   rCorr:     It protects you from acid and corrosion.
Wands
 m - a wand of charming (21)
 o - a wand of flame (48)
 H - a wand of digging (8)
 N - a wand of light (14)
 Q - a wand of polymorph (12)
Scrolls
 g - 3 scrolls of fog
 q - 9 scrolls of teleportation {@r4}
 r - 3 scrolls of torment
 s - 6 scrolls of enchant weapon
 u - a scroll of magic mapping
 I - 9 scrolls of immolation
 K - a scroll of acquirement
 M - 14 scrolls of identify {@r1}
 U - 7 scrolls of fear
 Y - 2 scrolls of silence
 Z - 2 scrolls of poison
Potions
 a - a potion of attraction
 c - 2 potions of invisibility
 f - 11 potions of heal wounds {@q2}
 h - a potion of berserk rage
 l - 9 potions of degeneration
 t - 10 potions of ambrosia
 A - 18 potions of curing {@q1}
 B - 2 potions of mutation
 D - 3 potions of brilliance
Miscellaneous
 b - a tin of tremorstones (2/2)
 d - a phantom mirror
 k - a condenser vane


   Skills:
 + Level 21.7 Fighting
 - Level 0.7 Short Blades
 - Level 16.0 Throwing
 + Level 18.1 Armour
 - Level 14.3 Dodging
 - Level 1.5 Stealth
 - Level 12.0 Shields
 O Level 27 Unarmed Combat
 - Level 1.2 Spellcasting
 - Level 2.0 Hexes


You had 27 spell levels left.
You didn't know any spells.
Your spell library contained the following spells:

 Spells                   Type           Power      Damage    Failure   Level
 Slow                     Hex            20%        N/A       63%         1
 Apportation              Tloc           0%         N/A       88%         1
 Foxfire                  Conj/Fire      0%         2x1d4     88%         1
 Kiss of Death            Conj/Necr      0%         2d5       88%         1
 Shock                    Conj/Air       0%         1d3       88%         1
 Sting                    Tmut/Pois      0%         1d3       88%         1
 Summon Small Mammal      Summ           0%         N/A       88%         1
 Ensorcelled Hibernation  Hex/Ice        4%         N/A       88%         2
 Confusing Touch          Hex            5%         N/A       94%         3
 Tukima's Dance           Hex            5%         N/A       94%         3
 Poisonous Vapours        Pois/Air       0%         N/A       96%         2
 Scorch                   Fire           0%         2d5       96%         2
 Sublimation of Blood     Necr           0%         N/A       96%         2
 Dazzling Flash           Conj/Hex       4%         N/A       98%         3
 Summon Guardian Golem    Hex/Summ       2%         N/A       98%         3
 Call Canine Familiar     Summ           0%         N/A       99%         3
 Frozen Ramparts          Ice            0%         1d1       99%         3
 Gell's Gravitas          Tloc           0%         N/A       99%         3
 Hailstorm                Conj/Ice       0%         3d3       99%         3
 Ignite Poison            Fire/Tmut/Pois 0%         N/A       99%         3
 Kindle Blastsparks       Fire/Tloc/Air  0%         2d10      99%         3
 Lesser Beckoning         Tloc           0%         N/A       99%         3
 Spider Form              Tmut/Pois      0%         N/A       99%         3
 Teleport Other           Tloc           0%         N/A       99%         3
 Vampiric Draining        Necr           0%         2d6       99%         3
 Anguish                  Hex/Necr       1%         N/A       100%        4
 Animate Dead             Necr           0%         N/A       100%        4
 Dispel Undead            Necr           0%         3d6       100%        4
 Flame Wave               Conj/Fire      0%         2d4       100%        4
 Fulminant Prism          Conj/Hex       1%         3d5       100%        4
 Ice Form                 Ice/Tmut       0%         N/A       100%        4
 Iskenderun's Mystic Bla  Conj/Tloc      0%         2d3       100%        4
 Olgreb's Toxic Radiance  Pois           0%         N/A       100%        4
 Passage of Golubria      Tloc           0%         N/A       100%        4
 Petrify                  Tmut/Erth      0%         N/A       100%        4
 Summon Ice Beast         Ice/Summ       0%         N/A       100%        4
 Summon Lightning Spire   Summ/Air       0%         N/A       100%        4
 Agony                    Necr           0%         N/A       100%        5
 Alistair's Intoxication  Tmut/Pois      0%         N/A       100%        5
 Arcjolt                  Conj/Air       0%         1d10      100%        5
 Borgnjor's Vile Clutch   Necr/Erth      0%         N/A       100%        5
 Freezing Cloud           Conj/Ice/Air   0%         6-21      100%        5
 Irradiate                Conj/Tmut      0%         3d11      100%        5
 Lee's Rapid Deconstruct  Erth           0%         3d4*      100%        5
 Lightning Bolt           Conj/Air       0%         1d11      100%        5
 Metabolic Englaciation   Hex/Ice        1%         N/A       100%        5
 Silence                  Hex/Air        1%         N/A       100%        5
 Summon Forest            Summ/Tloc      0%         N/A       100%        5
 Summon Mana Viper        Hex/Summ       2%         N/A       100%        5
 Conjure Ball Lightning   Conj/Air       0%         3x3d6     100%        6
 Death Channel            Necr           0%         N/A       100%        6
 Simulacrum               Ice/Necr       0%         N/A       100%        6
 Summon Cactus Giant      Summ           0%         N/A       100%        6
 Monstrous Menagerie      Summ           0%         N/A       100%        7
 Orb of Destruction       Conj           0%         9d5       100%        7
 Spellforged Servitor     Conj/Summ      0%         N/A       100%        7
 Storm Form               Tmut/Air       0%         N/A       100%        7
 Discord                  Hex            2%         N/A       100%        8
 Lehudib's Crystal Spear  Conj/Erth      0%         10d2      100%        8
 Maxwell's Capacitive Co  Air            0%         ∞         100%        8
 Necromutation            Tmut/Necr      0%         N/A       100%        8
 Dragon's Call            Summ           0%         N/A       100%        9
 Polar Vortex             Ice            0%         N/A       100%        9


Dungeon Overview and Level Annotations

Branches:
Dungeon (15/15)            Temple (0/1) D:4            Lair (5/5) D:11
 Shoals (4/4) Lair:2       Spider (4/4) Lair:3        Slime (5/5) Lair:5
    Orc (2/2) D:9             Elf (3/3) Orc:2        Vaults (5/5) D:14
  Crypt (0/3) Vaults:3     Depths (4/4) D:15            Zot (5/5) Depths:4
  IceCv (visited)         Desolation (visited)

Altars:
Cheibriados
Dithmenos
Elyvilon
Fedhas
Gozag
Kikubaaqudgha
Nemelex Xobeh
Okawaru
Sif Muna
Xom
Zin
The Shining One
Jiyva
Lugonu

Shops:
D:7 [   D:12 *=   Orc:1 :   Orc:2 ([==   Elf:1 [   Elf:3 =   Vaults:1 (
Vaults:2 *?[[:   Vaults:3 (   Vaults:5 !

Portals:
Hell: Depths:1 Depths:2 Depths:3 Depths:4
Abyss: Lair:5 Depths:3 Depths:4
Pandemonium: Depths:2
Ziggurat: Depths:1
Trove: Vaults:1 (give 2 scrolls of acquirement)

Annotations:
D:9 Joseph
Slime:5 Royal Jelly
Elf:1 Roxanne
Elf:2 3 runed translucent doors
Vaults:3 2 transporters, Oleugihi's ghost, adept BaWr
Zot:5 1 runed translucent door, pokeman's ghost, master DEHW


Innate Abilities, Weirdness & Mutations

You are too large for most types of armour.
You have claws for hands.
Your natural rate of healing is unusually fast.
You are covered in fur. (AC +1)
You have tough skin. (AC +1)
You are mostly covered in iridescent scales. (AC +4)
You are clumsy. (Dex -2)
Your body sometimes deteriorates upon taking damage.
You are frail. (-10% HP)
You are highly strong-willed. (Will++)
You are weak. (Str -2)
Your body is covered in eyes which may confuse attackers. (Acc +7, SInv)
Your transparent skin significantly reduces your foes' accuracy. (Stealth+)


Message History

(N) Spider Nest (M) Slime Pits (O) Orcish Mines (E) Elven Halls (V) Vaults (C) Crypt (U) Depths (H) Hell (Z) Zot
Where to? (Enter - D:1 @ (x,y), ? - help) HP restored.
There is a stone staircase leading up here.
You climb upwards.
There is a stone staircase leading down here.
You swap places.
There is a stone staircase leading up here.
You climb upwards.
A sun demon comes into view.
There is a stone staircase leading down here.
You claw the sun demon!
The sun demon is lightly wounded.
You eviscerate the sun demon!!!
You kill the sun demon!
No target in view!
(D) Dungeon (T) Temple (L) Lair (A) Shoals (N) Spider Nest (M) Slime Pits (O) Orcish Mines (E) Elven Halls (V) Vaults (C) Crypt (U) Depths (H) Hell (Z) Zot
Where to? (Enter - D:1 @ (x,y), ? - help)
You hear a series of splatters.
There is a stone staircase leading up here.
You climb upwards.
There is a stone staircase leading down here.
There is a stone staircase leading up here.
You climb upwards.
There is a stone staircase leading down here.
There is a stone staircase leading up here.
You climb upwards.
There is a stone staircase leading down here.
Things that are here:
2 stones; a +0 short sword Jiyva says: Divide and consume!
You hear a distant slurping noise.
There is a staircase leading out of the dungeon here.
You hear a distant slurping noise.
You hear a slurping noise.
You have escaped!

#####################
#....@....#.......>.#
#.........#.#######.##
#.8.....8.#.###.......
#.........#...........
#.........#.###.##.#..
#.8.J...8.#.......##.#
#.........#.##.###.#.#
#.........#.##.# ##..#
#.8.....8.#.##.###....


You could see a neutral jelly (wandering) (fellow slime).

Vanquished Creatures
  2 pandemonium lords
  An ancient lich (Abyss:3)
  8 orbs of fire
  5 dread liches
  Mara (Shoals:3)
  A juggernaut (Depths:3)
  Boris (twice) (Vaults:2 Depths:3)
  Vv (Depths:2)
  6 Killer Klowns
  Margery (Vaults:3)
  2 curse toes
  11 golden dragons
  A pearl dragon (Depths:1)
  Nikola (Vaults:2)
  A bone dragon (Depths:4)
  4 electric golems
  A Tzitzimitl (Zot:2)
  19 tentacled monstrosities
  28 Orb Guardians
  3 liches
  2 deep elf blademasters (Elf:3)
  7 quicksilver dragons
  12 titans
  2 krakens
  2 tentacled starspawn
  3 deep elf master archers (Elf:3)
  Agnes (Spider:1)
  8 sphinxes
  2 death cobs
  2 tengu reavers
  9 shadow dragons
  8 storm dragons
  The ghost of Pocvaraige the Brawler, a journeyman TrMo of Gozag (D:14)
  13 draconian monks
  17 vault wardens
  6 frost giants
  3 draconian knights
  5 emperor scorpions
  5 deep elf sorcerers
  8 fire giants
  2 balrugs
  Louise (Spider:3)
  4 draconian scorchers
  2 ghost moths (Spider:4)
  2 imperial myrmidons (Desolation)
  3 iron dragons (Vaults:5)
  Aizul (Depths:2)
  7 draconian shifters
  5 draconian annihilators
  3 orc warlords
  4 draconian stormcallers
  2 deep elf elementalists
  The ghost of indyram44 the Tortoise, a journeyman MiFi of Qazlal (Orc:2)
  A broodmother (Spider:4)
  2 war gargoyles
  3 vampire knights
  16 stone giants
  2 reapers
  10 ironbound preservers
  An ophan (Depths:2)
  An apis (Depths:2)
  10 very ugly things
  A starflower (Abyss:3)
  7 green draconians
  5 deep elf annihilators (Elf:3)
  6 deep elf demonologists
  13 ironbound thunderhulks
  10 black draconians
  13 white draconians
  3 lorocyprocas
  2 halazid warlocks (Desolation)
  16 purple draconians
  12 red draconians
  15 dire elephants
  13 yellow draconians
  8 deep elf death magi
  15 spark wasps
  A crystal guardian (Vaults:3)
  15 ettins
  An eidolon (Vaults:3)
  2 blizzard demons
  6 merfolk javelineers
  2 spectral krakens (Shoals:2)
  6 entropy weavers
  8 merfolk impalers
  Fannar (D:12)
  6 fire dragons
  5 jiangshi
  3 deep elf high priests
  15 yaktaur captains
  9 ragged hierophants (Desolation)
  2 servants of whispers (Desolation)
  8 peacekeepers
  4 rakshasas
  36 vault guards
  A salamander tyrant (Depths:1)
  2 spriggan skeletons (Depths:3)
  4 spriggan air magi
  A jorogumo (Spider:1)
  12 ice dragons
  4 alligator snapping turtles
  4 merfolk avatars
  A hell beast (Zot:5)
  3 ironbound frosthearts
  5 catoblepae
  A radroach (Spider:3)
  7 merfolk aquamancers
  3 ghost crabs (Shoals:2)
  14 dancing weapons
  3 ogre magi
  A satyr (Shoals:3)
  6 two-headed ogres
  21 centaur warriors
  10 boulder beetles
  5 deep troll shamans
  8 death yaks
  7 death scarabs (Spider:4)
  3 vampire magi
  4 deep troll earth magi
  5 tengu warriors
  4 thrashing horrors
  7 orc high priests
  16 hell knights
  7 sun demons
  6 spriggan berserkers
  12 deep elf knights
  2 fire crabs
  5 salamander mystics
  8 iron trolls
  A sun moth (Spider:3)
  16 sea snakes
  2 flayed ghosts
  6 pharaoh ants
  7 large abominations
  5 orb spiders
  22 deep trolls
  A spark wasp zombie (Depths:1)
  6 steelbarb worms
  2 shadow demons (Elf:2)
  3 spectral wolf spiders (Spider:4)
  A deep troll (shapeshifter) (Elf:1)
  5 wizards
  An obsidian statue (Zot:5)
  16 deep elf archers
  A harpy (shapeshifter) (Lair:5)
  29 harpies
  21 deep elf pyromancers
  11 lindwurms
  A golden dragon skeleton (Depths:3)
  3 phantasmal warriors
  21 ironbound convokers
  9 necromancers
  20 orc knights
  12 deep elf zephyrmancers
  13 wolf spiders
  A shadow dragon skeleton (Depths:1)
  15 salamanders
  7 orc sorcerers
  5 cyclopes
  38 ugly things
  19 manticores
  4 fauns (Shoals:3)
  2 draconians (Abyss:3)
  A tengu skeleton (Depths:3)
  A fire giant skeleton (Depths:1)
  6 elephants
  3 guardian serpents (Desolation)
  17 vault sentinels
  25 moths of wrath
  2 black mambas (Lair:2)
  6 merfolk sirens
  2 ice statues (IceCv)
  A smoke demon (Abyss:4)
  2 apocalypse crabs
  9 cane toads
  3 water nymphs
  4 torpor snails
  3 gargoyles
  2 freezing wraiths
  An unseen horror (D:11)
  5 kobold demonologists
  37 yaktaurs
  3 efreet (D:14)
  2 rime drakes (Lair:5)
  2 demonic crawlers
  4 komodo dragons
  3 spectral redbacks (Spider:4)
  A spark wasp simulacrum (Depths:3)
  A tormentor (D:13)
  A spectral merfolk (Shoals:2)
  2 ancient zymes (Lair:5)
  A redback zombie (Spider:4)
  5 tengu conjurers
  9 ice devils
  3 meliai (D:13)
  A polar bear (Lair:4)
  A red devil (Depths:2)
  A spectral water nymph (Shoals:2)
  38 merfolk
  A queen bee (Lair:1)
  12 trolls
  A spectral tarantella (Spider:4)
  17 tarantellas
  3 hornets
  40 saltlings (Desolation)
  7 wind drakes
  2 spectral jumping spiders (Spider:4)
  27 blink frogs
  A spectral culicivora (Spider:4)
  A blink frog (shapeshifter) (D:14)
  A culicivora zombie (Spider:4)
  2 jumping spider zombies (Spider:4)
  A snapping turtle (shapeshifter) (Depths:1)
  An ettin zombie (Depths:1)
  A tarantella zombie (Spider:4)
  4 dream sheep
  14 culicivoras
  18 snapping turtles
  A spectral manticore (Shoals:2)
  16 water elementals
  3 flying skulls (Abyss:3)
  11 small abominations
  A culicivora (shapeshifter) (D:14)
  An air elemental (Elf:1)
  16 jumping spiders
  2 spriggans (Depths:2)
  A shadow (D:11)
  4 ynoxinuls
  A dire elephant simulacrum (IceCv)
  2 wraiths
  A vampire (D:11)
  7 fire bats
  A basilisk (shapeshifter) (Lair:5)
  10 basilisks
  2 neqoxecs (Abyss:3)
  Grum (D:9)
  4 wyverns
  18 yaks
  2 chaos spawn (Lair:5)
  4 fire elementals
  50 redbacks
  8 wargs
  A harpy simulacrum (IceCv)
  2 acid dragons
  10 water moccasins
  An ice beast (D:5)
  2 sky beasts
  28 orc warriors
  2 black bears
  A tengu (shapeshifter) (Elf:3)
  6 ogres
  31 wolves
  8 boggarts
  8 centaurs
  3 phantoms
  5 elf zombies (Elf:1)
  4 kobold brigands
  Blork the orc (D:5)
  3 earth elementals
  7 bullfrogs
  A cane toad simulacrum (IceCv)
  A scorpion (shapeshifter) (Vaults:4)
  A gnoll sergeant (D:12)
  10 scorpions
  4 two-headed ogre simulacra (IceCv)
  4 necrophages (D:4)
  4 wights (D:6)
  An elephant simulacrum (IceCv)
  47 killer bees
  An electric eel (Spider:1)
  3 howler monkeys
  A quasit (Abyss:3)
  5 hounds
  A gnoll bouda (D:9)
  20 orc priests
  2 iguanas
  20 orc wizards
  2 polar bear simulacra (IceCv)
  A scorpion zombie (D:4)
  2 spriggan simulacra (IceCv)
  3 wolf simulacra (IceCv)
  Robin (D:2)
  15 gnolls
  4 adders
  3 naga simulacra (IceCv)
  A shadow imp (D:5)
  3 white imps
  4 ufetubi (IceCv)
  2 adder zombies (D:4)
  6 worms
  3 dart slugs
  50 orcs
  3 ball pythons
  3 endoplasms
  4 giant cockroaches
  12 goblins
  11 hobgoblins
  5 jackals
  A quokka (D:4)
  3 training dummies (Elf:3)
  9 bats
  A frilled lizard (D:3)
  25 kobolds
  4 rats
  2 starspawn tentacles (Abyss:4)
  11 tentacles
2067 creatures vanquished.

Vanquished Creatures (collateral kills)
  An ancient lich (Zot:5)
  A dread lich (Zot:5)
  An orb of fire (Zot:5)
  A curse toe (Zot:4)
  A Killer Klown (Zot:5)
  An electric golem (Zot:5)
  A tentacled monstrosity (Zot:5)
  A quicksilver dragon (Zot:5)
  2 storm dragons
  A draconian scorcher (Zot:2)
  A draconian knight (Zot:2)
  A green draconian (Zot:2)
  A red draconian (Zot:2)
  2 killer bees (D:7)
16 creatures vanquished.

Vanquished Creatures (others)
  An acid blob (Lair:5)
  A kraken (Abyss:4)
  A shadow dragon (Vaults:5)
  An orc warlord (Vaults:3)
  A quicksilver ooze (shapeshifter) (Vaults:5)
  2 great orbs of eyes
  A deep elf death mage (Elf:3)
  A hydra (Lair:5)
  A rakshasa (D:15)
  An ice dragon (Depths:4)
  A wizard (Vaults:3)
  6 glowing orange brains
  2 deep elf pyromancers
  A lindwurm (Vaults:3)
  An ironbound convoker (Vaults:3)
  2 harpies
  A wolf spider (Spider:4)
  2 shining eyes (Abyss:4)
  A manticore (Shoals:2)
  A cyclops (D:14)
  A moth of wrath (shapeshifter) (Depths:3)
  A vault sentinel (Vaults:4)
  A demonic crawler (Spider:1)
  2 yaktaurs (Vaults:4)
  38 slime creatures
  A wind drake (shapeshifter) (D:15)
  A saltling (Desolation)
  A tarantella (Spider:1)
  A dream sheep (Lair:5)
  2 flying skulls (Abyss:4)
  A culicivora (Spider:4)
  6 large abominations (Abyss:4)
  A floating eye (Depths:1)
  A water elemental (Shoals:2)
  3 yaks (Lair:5)
  4 golden eyes (Abyss:4)
  A golden eye (shapeshifter) (Vaults:5)
  5 small abominations (Abyss:4)
  A fire bat (shapeshifter) (D:14)
  3 redbacks
  A spatial vortex (Abyss:4)
  A sky beast (Abyss:3)
  A black bear (D:6)
  3 boggarts (Vaults:3)
  An ogre (D:6)
  2 centaurs
  A necrophage (D:5)
  An elf zombie (Elf:1)
  3 killer bees (D:7)
  250 jellies
  5 orc priests
  5 orc wizards
  A gnoll (D:9)
  2 endoplasms
  7 orcs
  A bat (D:3)
  A kobold (D:3)
  2 bushes (D:4)
  35 fungi
  135 plants
  2 starspawn tentacles (Abyss:3)
  22 tentacles
  6 withered plants
592 creatures vanquished.

Grand Total: 2675 creatures vanquished

Notes
Turn   | Place    | Note
-------+----------+-------------------------------------------
     0 | D:1      | freelancePsychic the Troll Enchanter began the quest for
                  | the Orb.
     0 | D:1      | Reached XP level 1. HP: 16/16 MP: 1/1
    83 | D:1      | Reached skill level 1 in Unarmed Combat
   150 | D:1      | Reached XP level 2. HP: 26/26 MP: 2/2
   504 | D:1      | Reached skill level 2 in Unarmed Combat
   616 | D:2      | Reached skill level 1 in Fighting
   740 | D:2      | Reached XP level 3. HP: 33/33 MP: 3/3
   957 | D:2      | Reached skill level 3 in Unarmed Combat
   957 | D:2      | Reached XP level 4. HP: 22/41 MP: 4/4
  1117 | D:2      | Found a faded altar of an unknown god.
  1125 | D:2      | Prayed at the altar of an unknown god.
  1125 | D:2      | Became a worshipper of Jiyva Jeqib the Shapeless
  1125 | D:2      | Reached * piety under Jiyva
  1144 | D:2      | Noticed Robin
  1163 | D:2      | Killed Robin
  1514 | D:3      | Found a shimmering altar of Xom.
  1559 | D:3      | Reached ** piety under Jiyva
  1982 | D:3      | Reached XP level 5. HP: 49/49 MP: 5/5
  2050 | D:4      | Noticed a black bear
  2055 | D:4      | Reached skill level 4 in Unarmed Combat
  2066 | D:4      | Killed a black bear
  2257 | D:4      | Found a staircase to the Ecumenical Temple.
  2264 | D:4      | Reached XP level 6. HP: 59/59 MP: 6/6
  2326 | D:4      | Reached skill level 5 in Unarmed Combat
  2389 | D:4      | Reached *** piety under Jiyva
  2420 | D:4      | Found a blossoming altar of Fedhas.
  2788 | D:4      | Reached skill level 6 in Unarmed Combat
  2788 | D:4      | Reached XP level 7. HP: 66/67 MP: 7/7
  2842 | D:5      | Entered Level 5 of the Dungeon
  2902 | D:5      | Found a glowing silver altar of Zin.
  2904 | D:5      | Gained mutation: Your muscles are strong. (Str +4, Int/Dex
                  | -1) [Jiyva's grace]
  2904 | D:5      | Gained mutation: Your muscles are very strong. (Str +8,
                  | Int/Dex -2) [Jiyva's grace]
  2904 | D:5      | Gained mutation: You have a small jelly attached to you
                  | that senses nearby items. [Jiyva's grace]
  2904 | D:5      | Gained mutation: Your spells are a little harder to cast,
                  | but a little more powerful. [Jiyva's grace]
  2960 | D:5      | Reached skill level 7 in Unarmed Combat
  3035 | D:5      | Noticed Blork the orc
  3041 | D:5      | Killed Blork the orc
  3358 | D:5      | Reached XP level 8. HP: 78/78 MP: 8/8
  3606 | D:6      | Found an iron altar of Okawaru.
  3654 | D:6      | Reached skill level 8 in Unarmed Combat
  3734 | D:6      | Reached **** piety under Jiyva
  4135 | D:6      | Found an ancient bone altar of Kikubaaqudgha.
  4305 | D:6      | Reached skill level 5 in Fighting
  4331 | D:6      | Reached skill level 9 in Unarmed Combat
  4463 | D:7      | Noticed a gargoyle
  4477 | D:6      | Reached XP level 9. HP: 24/88 MP: 6/9
  4718 | D:7      | Killed a gargoyle
  4778 | D:7      | Reached skill level 10 in Unarmed Combat
  4797 | D:7      | Identified the +1 robe "Xelorphuo" {rPois rF+}
  4803 | D:7      | Found a sparkling altar of Nemelex Xobeh.
  4804 | D:7      | Found an opulent altar of Gozag.
  4820 | D:7      | Found Hacevul's Armour Shoppe.
  5323 | D:8      | Lost mutation: Your muscles are very strong. (Str +8,
                  | Int/Dex -2) [Jiyva's grace]
  5323 | D:8      | Gained mutation: You have a small jelly attached to you
                  | that may absorb projectiles. [Jiyva's grace]
  5323 | D:8      | Gained mutation: Your melee attacks may engulf your foes in
                  | ooze. [Jiyva's grace]
  5323 | D:8      | Gained mutation: You are partially covered in iridescent
                  | scales. (AC +2) [Jiyva's grace]
  5323 | D:8      | Gained mutation: You are mostly covered in iridescent
                  | scales. (AC +4) [Jiyva's grace]
  5578 | D:8      | Found a shimmering blue altar of Sif Muna.
  5732 | D:9      | Found a staircase to the Orcish Mines.
  5840 | D:9      | Reached ***** piety under Jiyva
  6235 | D:9      | Noticed Grum
  6250 | D:9      | Reached XP level 10. HP: 99/100 MP: 10/10
  6259 | D:9      | Killed Grum
  6386 | D:9      | Noticed Joseph
  6594 | D:10     | Entered Level 10 of the Dungeon
  6615 | D:10     | Reached skill level 11 in Unarmed Combat
  6729 | D:10     | Lost mutation: You have a small jelly attached to you that
                  | senses nearby items. [Jiyva's grace]
  6729 | D:10     | Gained mutation: You are completely covered in iridescent
                  | scales. (AC +6) [Jiyva's grace]
  6729 | D:10     | Gained mutation: Your muscles are very strong. (Str +8,
                  | Int/Dex -2) [Jiyva's grace]
  6729 | D:10     | Gained mutation: You have acidic saliva. [Jiyva's grace]
  6729 | D:10     | Gained mutation: Your flesh is heat resistant. (rF+)
                  | [Jiyva's grace]
  6831 | D:10     | Paralysed by a hornet for 1 turns
  6874 | D:10     | Noticed a gargoyle
  6882 | D:10     | Killed a gargoyle
  6904 | D:10     | Found a snail-covered altar of Cheibriados.
  7248 | D:11     | Reached skill level 5 in Dodging
  7380 | D:11     | Noticed a two-headed ogre
  7385 | D:11     | Noticed a two-headed ogre
  7464 | D:11     | Reached ****** piety under Jiyva
  7511 | D:11     | Found a staircase to the Lair.
  7518 | D:11     | Noticed an elephant
  7527 | D:11     | Killed an elephant
  7688 | D:11     | Noticed a boulder beetle
  7695 | D:11     | Reached XP level 11. HP: 105/111 MP: 11/11
  7703 | D:11     | Killed a boulder beetle
  7704 | D:11     | Reached skill level 12 in Unarmed Combat
  7741 | D:11     | Killed a two-headed ogre
  8043 | Lair:1   | Entered Level 1 of the Lair of Beasts
  8147 | Lair:2   | Noticed a catoblepas
  8147 | Lair:2   | You fall into a shaft and drop 1 floor!
  8389 | Lair:3   | Reached skill level 13 in Unarmed Combat
  8407 | Lair:3   | Lost mutation: Your spells are a little harder to cast, but
                  | a little more powerful. [Jiyva's grace]
  8407 | Lair:3   | Gained mutation: You are agile. (Dex +4, Str/Int -1)
                  | [Jiyva's grace]
  8407 | Lair:3   | Gained mutation: You are very agile. (Dex +8, Str/Int -2)
                  | [Jiyva's grace]
  8407 | Lair:3   | Gained mutation: You have sharp toenails. [Jiyva's grace]
  8407 | Lair:3   | Gained mutation: You have razor-sharp toenails. [Jiyva's
                  | grace]
  8567 | Lair:3   | Found a hole to the Spider Nest.
  8955 | Lair:4   | Found a frozen archway.
  8961 | Lair:4   | Reached XP level 12. HP: 119/124 MP: 12/12
  8972 | IceCv    | Entered an ice cave
  9255 | IceCv    | Reached skill level 10 in Fighting
  9266 | IceCv    | Noticed a reaper
  9273 | IceCv    | Killed a reaper
  9512 | Lair:4   | Noticed a catoblepas
  9535 | Lair:4   | Killed a catoblepas
  9712 | Lair:4   | Identified the +2 leather armour of Viddejem {rC+ Dex+3}
  9717 | Lair:4   | Noticed a death yak
  9721 | Lair:4   | Noticed a death yak
  9721 | Lair:4   | Noticed a death yak
  9721 | Lair:4   | Noticed a death yak
  9721 | Lair:4   | Noticed a death yak
  9831 | Lair:4   | Lost mutation: You have razor-sharp toenails. [Jiyva's
                  | grace]
  9831 | Lair:4   | Lost mutation: You are completely covered in iridescent
                  | scales. (AC +6) [Jiyva's grace]
  9831 | Lair:4   | Lost mutation: You are mostly covered in iridescent scales.
                  | (AC +4) [Jiyva's grace]
  9831 | Lair:4   | Lost mutation: You have a small jelly attached to you that
                  | may absorb projectiles. [Jiyva's grace]
  9831 | Lair:4   | Gained mutation: Your rubbery body absorbs attacks. (AC +1,
                  | EV +1) [Jiyva's grace]
  9831 | Lair:4   | Gained mutation: Your pliable body absorbs attacks. (AC +2,
                  | EV +2) [Jiyva's grace]
  9831 | Lair:4   | Gained mutation: Your gelatinous body deflects attacks. (AC
                  | +3, EV +3) [Jiyva's grace]
  9831 | Lair:4   | Gained mutation: You expend magic power (3 MP) to
                  | strengthen your wands. [Jiyva's grace]
  9854 | Lair:5   | Entered Level 5 of the Lair of Beasts
  9856 | Lair:5   | Identified a scroll of acquirement
  9857 | Lair:5   | Acquired a manual of Dodging
  9865 | Lair:5   | Noticed a seven-headed hydra
  9872 | Lair:5   | Slimified a nine-headed hydra
  9872 | Lair:5   | a nine-headed hydra changed into an acid blob
  9872 | Lair:5   | Noticed an acid blob
  9946 | Lair:5   | Found a viscous altar of Jiyva.
  9947 | Lair:5   | Found a staircase to the Slime Pits.
  9966 | Slime:1  | Entered Level 1 of the Pits of Slime
  9997 | Slime:1  | Noticed an acid blob
 10005 | Slime:1  | Noticed an acid blob
 10007 | Slime:1  | Noticed a rockslime
 10013 | Slime:2  | Noticed an acid blob
 10018 | Slime:3  | Noticed a quicksilver ooze
 10018 | Slime:3  | Noticed a rockslime
 10028 | Slime:4  | Noticed a quicksilver ooze
 10062 | Slime:4  | Noticed an azure jelly
 10074 | Slime:5  | Entered Level 5 of the Pits of Slime
 10074 | Slime:5  | Noticed an acid blob
 10089 | Slime:5  | Found a viscous altar of Jiyva.
 10089 | Slime:5  | Noticed the Royal Jelly
 10089 | Slime:5  | Noticed a rockslime
 10090 | Slime:5  | Noticed an acid blob
 10090 | Slime:5  | Noticed a quicksilver ooze
 10090 | Slime:5  | Noticed an acid blob
 10090 | Slime:5  | Noticed an acid blob
 10091 | Slime:5  | Noticed a rockslime
 10091 | Slime:5  | Noticed a rockslime
 10091 | Slime:5  | Found the ring of the Tortoise {AC+8}
 10092 | Slime:5  | Noticed an azure jelly
 10093 | Slime:5  | Noticed an acid blob
 10094 | Slime:5  | Got Sif Muna's Almanac of Hexes
 10105 | Slime:5  | Identified the +4 shortbow "Poavung Raih" {antimagic, rCorr
                  | Str+3 Int+2 Dex-3}
 10108 | Slime:5  | Got a slimy rune of Zot
 10109 | Slime:5  | Identified the +0 scale mail "Exkaural" {rF+ Str+2}
 10116 | Slime:5  | Identified the +0 chain mail of Objectivity {*Slow rN++
                  | Int+3}
 10118 | Slime:5  | Identified the +5 dagger of the Present {freeze, rF+++}
 10120 | Slime:5  | Identified the +10 shortbow of Utapsid {elec, Int+6 Dex-2}
 10138 | Slime:5  | Identified the +7 chain mail of Bad Feelings {rN++ Regen+
                  | Str-3}
 10139 | Slime:5  | Identified the +1 ring mail of Ruobun Cuam {Harm rPois
                  | Dex+2}
 10146 | Slime:5  | Noticed a rockslime
 10245 | Slime:3  | Noticed a quicksilver ooze
 10327 | Lair:5   | Reached skill level 14 in Unarmed Combat
 10397 | Lair:5   | Noticed a boulder beetle
 10408 | Lair:5   | Killed a boulder beetle
 10409 | Lair:5   | Reached skill level 10 in Dodging
 10410 | Lair:5   | Noticed a death yak
 10411 | Lair:5   | Noticed a death yak
 10412 | Lair:5   | Noticed a death yak
 10429 | Lair:5   | Killed a death yak
 10433 | Lair:5   | Killed a death yak
 10434 | Lair:5   | Killed a death yak
 10535 | Lair:5   | Noticed a four-headed hydra
 10543 | Lair:5   | Reached XP level 13. HP: 114/135 MP: 13/13
 10543 | Lair:5   | Found a corrupted altar of Lugonu.
 10543 | Lair:5   | Found a one-way gate to the infinite horrors of the Abyss.
 10543 | Lair:5   | Found the +3 Elemental Staff {rElec rF++ rC++ AC+5}
 10574 | Lair:5   | Killed an acid blob
 11273 | Lair:2   | Reached skill level 15 in Unarmed Combat
 11421 | Lair:2   | Found a staircase to the Shoals.
 11948 | Lair:1   | Lost mutation: You have sharp toenails. [Jiyva's grace]
 11948 | Lair:1   | Lost mutation: You are partially covered in iridescent
                  | scales. (AC +2) [Jiyva's grace]
 11948 | Lair:1   | Lost mutation: Your flesh is heat resistant. (rF+) [Jiyva's
                  | grace]
 11948 | Lair:1   | Lost mutation: Your muscles are very strong. (Str +8,
                  | Int/Dex -2) [Jiyva's grace]
 11948 | Lair:1   | Lost mutation: Your gelatinous body deflects attacks. (AC
                  | +3, EV +3) [Jiyva's grace]
 11948 | Lair:1   | Lost mutation: Your pliable body absorbs attacks. (AC +2,
                  | EV +2) [Jiyva's grace]
 11948 | Lair:1   | Lost mutation: You expend magic power (3 MP) to strengthen
                  | your wands. [Jiyva's grace]
 11948 | Lair:1   | Lost mutation: Your melee attacks may engulf your foes in
                  | ooze. [Jiyva's grace]
 11948 | Lair:1   | Gained mutation: Your flesh is cold resistant. (rC+)
                  | [Jiyva's grace]
 11948 | Lair:1   | Gained mutation: Your flesh is very cold resistant. (rC++)
                  | [Jiyva's grace]
 11948 | Lair:1   | Gained mutation: Your flesh is almost immune to the effects
                  | of cold. (rC+++) [Jiyva's grace]
 11948 | Lair:1   | Gained mutation: Your flesh is heat resistant. (rF+)
                  | [Jiyva's grace]
 12056 | Lair:1   | Reached XP level 14. HP: 148/148 MP: 14/14
 13001 | D:12     | Found Orrysi's Jewellery Shop.
 13012 | D:12     | Noticed Fannar
 13032 | D:12     | Killed Fannar
 13033 | D:12     | Reached skill level 1 in Shields
 13235 | D:12     | Found Piucatz's Pet Rocks.
 13299 | D:12     | You fall into a shaft and drop 1 floor!
 13682 | D:13     | Lost mutation: Your flesh is almost immune to the effects
                  | of cold. (rC+++) [Jiyva's grace]
 13682 | D:13     | Lost mutation: Your flesh is heat resistant. (rF+) [Jiyva's
                  | grace]
 13682 | D:13     | Gained mutation: Your body has grown eyes which may confuse
                  | attackers. (Acc +3) [Jiyva's grace]
 13682 | D:13     | Gained mutation: Your body has grown many eyes which may
                  | confuse attackers. (Acc +5) [Jiyva's grace]
 13682 | D:13     | Gained mutation: Your body is covered in eyes which may
                  | confuse attackers. (Acc +7, SInv) [Jiyva's grace]
 13682 | D:13     | Gained mutation: You are robust. (+10% HP) [Jiyva's grace]
 13764 | D:13     | Found a glowing golden altar of the Shining One.
 13950 | D:14     | Found a white marble altar of Elyvilon.
 14128 | D:14     | Noticed a storm dragon
 14133 | D:14     | Identified the +7 great mace of Wealth {freeze, rCorr}
 14137 | D:14     | Killed a storm dragon
 14138 | D:14     | Reached skill level 5 in Shields
 14330 | D:14     | Reached skill level 16 in Unarmed Combat
 14657 | Orc:1    | Entered Level 1 of the Orcish Mines
 14802 | Orc:1    | Reached XP level 15. HP: 163/173 MP: 15/15
 15161 | Orc:1    | Found Jyzix's Self-Improvement Boutique.
 15331 | Orc:2    | Entered Level 2 of the Orcish Mines
 15336 | Orc:2    | Lost mutation: Your flesh is very cold resistant. (rC++)
                  | [Jiyva's grace]
 15336 | Orc:2    | Lost mutation: You are robust. (+10% HP) [Jiyva's grace]
 15336 | Orc:2    | Lost mutation: Your muscles are strong. (Str +4, Int/Dex
                  | -1) [Jiyva's grace]
 15336 | Orc:2    | Lost mutation: Your body is covered in eyes which may
                  | confuse attackers. (Acc +7, SInv) [Jiyva's grace]
 15336 | Orc:2    | Lost mutation: Your rubbery body absorbs attacks. (AC +1,
                  | EV +1) [Jiyva's grace]
 15336 | Orc:2    | Gained mutation: You have hidden genetic potential.
                  | [Jiyva's grace]
 15336 | Orc:2    | Gained mutation: You have great hidden genetic potential.
                  | [Jiyva's grace]
 15336 | Orc:2    | Gained mutation: You have large cloven feet. [Jiyva's
                  | grace]
 15336 | Orc:2    | Gained mutation: You have hoof-like feet. [Jiyva's grace]
 15484 | Orc:2    | Found a staircase to the Elven Halls.
 15636 | Orc:2    | Found Alatatoi's Weapon Shop.
 15636 | Orc:2    | Found Rirefy's Antique Armour Shoppe.
 15657 | Orc:2    | Found Zudirr's Jewellery Shop.
 15657 | Orc:2    | Found Ymar's Jewellery Shoppe.
 15947 | Orc:2    | Found a runed translucent door.
 15948 | Orc:2    | Noticed indyram44's ghost (journeyman MiFi)
 15987 | Orc:2    | Killed indyram44's ghost
 15994 | Orc:2    | Identified the +0 plate armour of the Leaf {SInv}
 16076 | Orc:2    | Bought the ring of Kindness {rPois rF+ rC+ SInv} for 587
                  | gold pieces
 16895 | D:14     | Identified the +4 scale mail of Analysis {rC+}
 16978 | D:14     | Found a gate to the Vaults.
 17146 | D:14     | Identified the +11 war axe "Qopiw" {distort, *Noise rElec
                  | rCorr Int+4}
 17311 | D:14     | Found a runed translucent gate.
 17312 | D:14     | Found a runed translucent gate.
 17312 | D:14     | Noticed Pocvaraige's ghost (journeyman TrMo)
 17313 | D:14     | Found a runed translucent gate.
 17407 | D:14     | Killed Pocvaraige's ghost
 17444 | D:14     | Reached skill level 10 in Shields
 17515 | D:15     | Entered Level 15 of the Dungeon
 17542 | Abyss:3  | Cast into level 3 of the Abyss (a wizard)
 17543 | Abyss:3  | Found a corrupted altar of Lugonu.
 17558 | Abyss:3  | Found a corrupted altar of Lugonu.
 17600 | Abyss:3  | Noticed a dread lich
 17622 | Abyss:3  | Killed a dread lich
 17627 | Abyss:3  | Noticed a tentacled starspawn
 17638 | Abyss:3  | Killed a tentacled starspawn
 17664 | Abyss:3  | Found a transporter.
 17683 | Abyss:3  | Noticed a shadow dragon
 17692 | Abyss:3  | Noticed a green draconian monk
 17697 | Abyss:3  | Killed a shadow dragon
 17714 | Abyss:3  | Killed a green draconian monk
 17753 | Abyss:3  | Noticed an ancient lich
 17758 | D:15     | Escaped the Abyss
 17993 | D:15     | Lost mutation: You have hoof-like feet. [Jiyva's grace]
 17993 | D:15     | Gained mutation: Your body is covered in eyes which may
                  | confuse attackers. (Acc +7, SInv) [Jiyva's grace]
 17993 | D:15     | Gained mutation: You are covered in slimy tendrils that may
                  | disarm your opponents. [Jiyva's grace]
 17993 | D:15     | Gained mutation: You have a pair of small antennae on your
                  | head. [Jiyva's grace]
 17993 | D:15     | Gained mutation: You have a pair of antennae on your head.
                  | [Jiyva's grace]
 18002 | D:15     | Reached XP level 16. HP: 157/172 MP: 16/16
 18003 | D:15     | a seven-headed hydra changed into an acid blob
 18003 | D:15     | Noticed an acid blob
 18319 | D:15     | Found a staircase to the Depths.
 18496 | Spider:1 | Entered Level 1 of the Spider Nest
 18632 | Spider:1 | Noticed Frances
 18718 | Spider:1 | Noticed Agnes
 18722 | Spider:1 | Slimified Frances
 18722 | Spider:1 | Frances changed into Frances the azure jelly
 18722 | Spider:1 | Noticed Frances
 18738 | Spider:1 | Killed Agnes
 19703 | Spider:3 | Noticed Louise
 19723 | Spider:3 | Killed Louise
 19764 | Spider:3 | Reached skill level 15 in Fighting
 19956 | Orc:1    | Bought a manual of Armour for 1200 gold pieces
 20183 | Spider:3 | Reached skill level 1 in Armour
 20374 | Spider:3 | Gained mutation: Your muscles are strong. (Str +4, Int/Dex
                  | -1) [Jiyva's grace]
 20374 | Spider:3 | Gained mutation: Your muscles are very strong. (Str +8,
                  | Int/Dex -2) [Jiyva's grace]
 20374 | Spider:3 | Gained mutation: Your translucent skin slightly reduces
                  | your foes' accuracy. (Stealth+) [Jiyva's grace]
 20374 | Spider:3 | Gained mutation: Your translucent skin reduces your foes'
                  | accuracy. (Stealth+) [Jiyva's grace]
 20671 | Spider:4 | Entered Level 4 of the Spider Nest
 20836 | Spider:4 | Reached skill level 5 in Armour
 21286 | Spider:4 | Reached XP level 17. HP: 181/183 MP: 17/17
 21540 | Spider:4 | Gained mutation: Your movements are slightly less
                  | encumbered by armour. (ER -2) [hidden potential]
 21565 | Spider:4 | Reached skill level 17 in Unarmed Combat
 21606 | Spider:4 | Got a gossamer rune of Zot
 21638 | Spider:4 | Reached skill level 10 in Armour
 21828 | Shoals:1 | Entered Level 1 of the Shoals
 22256 | Shoals:1 | Lost mutation: You have a pair of antennae on your head.
                  | [Jiyva's grace]
 22256 | Shoals:1 | Lost mutation: Your body is covered in eyes which may
                  | confuse attackers. (Acc +7, SInv) [Jiyva's grace]
 22256 | Shoals:1 | Lost mutation: Your translucent skin reduces your foes'
                  | accuracy. (Stealth+) [Jiyva's grace]
 22256 | Shoals:1 | Lost mutation: You have great hidden genetic potential.
                  | [Jiyva's grace]
 22256 | Shoals:1 | Gained mutation: Armour fits poorly on your pseudopods.
                  | [Jiyva's grace]
 22256 | Shoals:1 | Gained mutation: Armour fits poorly on your large
                  | pseudopods. [Jiyva's grace]
 22256 | Shoals:1 | Gained mutation: Armour fits poorly on your massive
                  | pseudopods. [Jiyva's grace]
 22256 | Shoals:1 | Gained mutation: You have a small jelly attached to you
                  | that senses nearby items. [Jiyva's grace]
 22610 | Shoals:2 | Noticed a kraken
 22660 | Shoals:2 | Killed a kraken
 23149 | Shoals:3 | Noticed Mara
 23150 | Shoals:3 | Noticed freelancePsychic's illusion
 23430 | Shoals:3 | Reached skill level 18 in Unarmed Combat
 23442 | Shoals:3 | Killed Mara
 23825 | Shoals:4 | Entered Level 4 of the Shoals
 23938 | Shoals:4 | Lost mutation: Armour fits poorly on your massive
                  | pseudopods. [Jiyva's grace]
 23938 | Shoals:4 | Lost mutation: Armour fits poorly on your large pseudopods.
                  | [Jiyva's grace]
 23938 | Shoals:4 | Lost mutation: You have hidden genetic potential. [Jiyva's
                  | grace]
 23938 | Shoals:4 | Gained mutation: You are strong-willed. (Will+) [Jiyva's
                  | grace]
 23938 | Shoals:4 | Gained mutation: You are highly strong-willed. (Will++)
                  | [Jiyva's grace]
 23938 | Shoals:4 | Gained mutation: You are extremely strong-willed. (Will+++)
                  | [Jiyva's grace]
 23938 | Shoals:4 | Gained mutation: You possess an exceptional clarity of
                  | mind. [Jiyva's grace]
 24080 | Shoals:4 | Reached XP level 18. HP: 137/193 MP: 18/18
 24206 | Shoals:4 | Reached skill level 19 in Unarmed Combat
 24475 | Shoals:4 | Noticed Donald
 24486 | Shoals:4 | Slimified Donald
 24486 | Shoals:4 | Donald changed into Donald the slime creature
 24486 | Shoals:4 | Noticed Donald
 24494 | Shoals:4 | Killed Donald the slime creature
 24789 | Shoals:4 | Reached skill level 20 in Unarmed Combat
 24839 | Shoals:4 | Reached skill level 1 in Throwing
 25199 | Elf:1    | Entered Level 1 of the Elven Halls
 25269 | Elf:1    | You fall into a shaft and drop 1 floor!
 25284 | Elf:2    | Identified the +3 chain mail of Paranoia {Regen+ MP+9 Str+6
                  | Int-5}
 25287 | Elf:2    | Found a shimmering blue altar of Sif Muna.
 25317 | Elf:2    | Identified the amulet of Ashenzari's Delight {RegenMP Drain
                  | rF++}
 25323 | Elf:2    | Noticed an Ice Fiend
 25360 | Elf:2    | Got Dispater's Verses on the Retinue
 25696 | Elf:2    | Reached skill level 5 in Throwing
 25753 | Elf:2    | Found Cisosuep's Distillery.
 25993 | Elf:2    | Found a runed translucent gate.
 25994 | Elf:2    | Found a runed translucent gate.
 25994 | Elf:2    | Found a runed translucent gate.
 26180 | Elf:1    | Identified Roxanne's Collected Works on Sculpting
 26180 | Elf:1    | Noticed Roxanne
 26361 | Elf:1    | Lost mutation: You have a pair of small antennae on your
                  | head. [Jiyva's grace]
 26361 | Elf:1    | Lost mutation: You are extremely strong-willed. (Will+++)
                  | [Jiyva's grace]
 26361 | Elf:1    | Gained mutation: You heal very quickly. [Jiyva's grace]
 26361 | Elf:1    | Gained mutation: You regenerate. [Jiyva's grace]
 26361 | Elf:1    | Gained mutation: Your body is covered in eyes which may
                  | confuse attackers. (Acc +7, SInv) [Jiyva's grace]
 26361 | Elf:1    | Gained mutation: Your melee attacks may engulf your foes in
                  | ooze. [Jiyva's grace]
 26452 | Elf:1    | Found Tead's Armour Boutique.
 26543 | Elf:1    | Reached XP level 19. HP: 193/195 MP: 19/19
 26933 | Elf:1    | Got Woppuwk's Commentary on Shadows
 27019 | Elf:3    | Entered Level 3 of the Elven Halls
 27403 | Elf:3    | Found Kepsush's Jewellery Boutique.
 27411 | Elf:3    | Bought the amulet of Vitality {RegenMP++ Regen++} for 1300
                  | gold pieces
 27411 | Elf:3    | Found the amulet of Vitality {RegenMP++ Regen++}
 27776 | Elf:3    | Noticed a Tzitzimitl
 27843 | Elf:3    | Identified the +2 pair of gloves "Unteo" {Dex+7}
 27849 | Elf:3    | Noticed a Brimstone Fiend
 27886 | Elf:3    | Identified the +4 flail of Edushim {antimagic, rF- rC+
                  | Dex+4 Stlth+}
 27963 | Elf:3    | Identified the amulet of Cheibriados's Envy {Faith Will+
                  | Int+2}
 27984 | Elf:3    | Identified the +0 tower shield of Xaesyc {Regen+}
 28001 | Elf:3    | Got Sif Muna's Folio of Battling and Snow
 28017 | Elf:3    | Got the Textbook on Firn
 28425 | Vaults:1 | Entered Level 1 of the Vaults
 28526 | Vaults:1 | Lost mutation: You possess an exceptional clarity of mind.
                  | [Jiyva's grace]
 28526 | Vaults:1 | Lost mutation: You regenerate. [Jiyva's grace]
 28526 | Vaults:1 | Lost mutation: Your body is covered in eyes which may
                  | confuse attackers. (Acc +7, SInv) [Jiyva's grace]
 28526 | Vaults:1 | Lost mutation: You have a small jelly attached to you that
                  | senses nearby items. [Jiyva's grace]
 28526 | Vaults:1 | Lost mutation: Your melee attacks may engulf your foes in
                  | ooze. [Jiyva's grace]
 28526 | Vaults:1 | Gained mutation: You are extremely strong-willed. (Will+++)
                  | [Jiyva's grace]
 28526 | Vaults:1 | Gained mutation: You have a pair of small horns on your
                  | head. [Jiyva's grace]
 28526 | Vaults:1 | Gained mutation: You have a pair of horns on your head.
                  | [Jiyva's grace]
 28526 | Vaults:1 | Gained mutation: You have a pair of large horns on your
                  | head. [Jiyva's grace]
 28703 | Vaults:1 | Found Esabunk's Weapon Emporium.
 28985 | Vaults:1 | Reached skill level 21 in Unarmed Combat
 29345 | Vaults:1 | Found a portal to a secret trove of treasure.
 29454 | Vaults:2 | Noticed Boris
 29465 | Vaults:2 | Killed Boris
 29481 | Vaults:2 | Found a crumbling gateway.
 29532 | Vaults:2 | Reached skill level 10 in Throwing
 29565 | Desolati | Entered the Desolation of Salt
 29701 | Desolati | Reached XP level 20. HP: 214/214 MP: 20/20
 29751 | Desolati | Lost mutation: You have a pair of large horns on your head.
                  | [Jiyva's grace]
 29751 | Desolati | Lost mutation: You are very agile. (Dex +8, Str/Int -2)
                  | [Jiyva's grace]
 29751 | Desolati | Lost mutation: You are extremely strong-willed. (Will+++)
                  | [Jiyva's grace]
 29751 | Desolati | Lost mutation: Your muscles are very strong. (Str +8,
                  | Int/Dex -2) [Jiyva's grace]
 29751 | Desolati | Lost mutation: Your muscles are strong. (Str +4, Int/Dex
                  | -1) [Jiyva's grace]
 29751 | Desolati | Lost mutation: You are covered in slimy tendrils that may
                  | disarm your opponents. [Jiyva's grace]
 29751 | Desolati | Gained mutation: Your translucent skin reduces your foes'
                  | accuracy. (Stealth+) [Jiyva's grace]
 29751 | Desolati | Gained mutation: Your transparent skin significantly
                  | reduces your foes' accuracy. (Stealth+) [Jiyva's grace]
 29751 | Desolati | Gained mutation: You have an increased reservoir of magic.
                  | (+10% MP) [Jiyva's grace]
 29751 | Desolati | Gained mutation: You have a considerably increased
                  | reservoir of magic. (+20% MP) [Jiyva's grace]
 29789 | Desolati | Identified the +8 dire flail "Kain" {vorpal, rElec Str+4}
 29791 | Desolati | Got Qefret's Disquisition on the Wind
 29800 | Desolati | Identified the +5 falchion "Letap" {distort, +Blink rF+}
 29912 | Desolati | Identified the ring "Ekhiolep" {rPois rN+ rCorr Int+2}
 30138 | Desolati | Identified the +11 great sword "Biupteiv" {venom, Will++
                  | Str-5}
 30171 | Desolati | Identified the ring of Desertification {rElec rPois rC+
                  | Str+6}
 30190 | Desolati | Identified the +7 trident "Huihod" {elec, rCorr Int+2
                  | Stlth+}
 30637 | Vaults:2 | Found Seabbuseh's Book Shop.
 30773 | Vaults:2 | Found Paciter's Armour Boutique.
 30902 | Vaults:2 | Found Oxidi's Magic Scroll Boutique.
 30909 | Vaults:2 | Bought a scroll of summoning for 104 gold pieces
 30909 | Vaults:2 | Bought a scroll of summoning for 104 gold pieces
 30909 | Vaults:2 | Bought a scroll of teleportation for 33 gold pieces
 30909 | Vaults:2 | Bought a scroll of magic mapping for 82 gold pieces
 30927 | Vaults:2 | Found Exiq's General Store.
 30933 | Vaults:2 | Noticed Nikola
 30945 | Vaults:2 | Killed Nikola
 31028 | Vaults:2 | Found Duwiso's Armour Shop.
 31035 | Vaults:2 | Gained mutation: Your system is resistant to poisons.
                  | (rPois) [Jiyva's grace]
 31035 | Vaults:2 | Gained mutation: Your melee attacks may engulf your foes in
                  | ooze. [Jiyva's grace]
 31035 | Vaults:2 | Gained mutation: You regenerate. [Jiyva's grace]
 31035 | Vaults:2 | Gained mutation: You are covered in slimy tendrils that may
                  | disarm your opponents. [Jiyva's grace]
 31598 | Vaults:3 | Noticed Margery
 31607 | Vaults:3 | Identified the ring "Ticich" {rF+ rN+ Int+6 Dex-5}
 31618 | Vaults:3 | Killed Margery
 31804 | Vaults:3 | Found a staircase to the Crypt.
 31901 | Vaults:3 | Found Adikk's Weapon Emporium.
 31911 | Vaults:3 | Bought 4 boomerangs for 24 gold pieces
 31979 | Vaults:3 | Reached skill level 22 in Unarmed Combat
 32244 | Vaults:3 | Noticed Oleugihi's ghost (adept BaWr)
 32251 | Vaults:3 | Found a transporter.
 32254 | Vaults:3 | Found a transporter.
 32360 | Vaults:3 | Reached XP level 21. HP: 213/226 MP: 26/26
 32536 | Vaults:4 | Lost mutation: You are agile. (Dex +4, Str/Int -1) [Jiyva's
                  | grace]
 32536 | Vaults:4 | Lost mutation: You are highly strong-willed. (Will++)
                  | [Jiyva's grace]
 32536 | Vaults:4 | Lost mutation: Your system is resistant to poisons. (rPois)
                  | [Jiyva's grace]
 32536 | Vaults:4 | Lost mutation: You regenerate. [Jiyva's grace]
 32536 | Vaults:4 | Lost mutation: Your body has grown many eyes which may
                  | confuse attackers. (Acc +5) [Jiyva's grace]
 32536 | Vaults:4 | Lost mutation: Your transparent skin significantly reduces
                  | your foes' accuracy. (Stealth+) [Jiyva's grace]
 32536 | Vaults:4 | Lost mutation: Your movements are slightly less encumbered
                  | by armour. (ER -2) [Jiyva's grace]
 32536 | Vaults:4 | Gained mutation: You have a small jelly attached to you
                  | that may absorb projectiles. [Jiyva's grace]
 32536 | Vaults:4 | Gained mutation: You are partially covered in iridescent
                  | scales. (AC +2) [Jiyva's grace]
 32536 | Vaults:4 | Gained mutation: You are mostly covered in iridescent
                  | scales. (AC +4) [Jiyva's grace]
 32536 | Vaults:4 | Gained mutation: You are completely covered in iridescent
                  | scales. (AC +6) [Jiyva's grace]
 32934 | Vaults:4 | Noticed a golden dragon
 32946 | Vaults:4 | Killed a golden dragon
 33185 | Vaults:4 | Identified the +2 robe of Insecurity {rF+ Archmagi}
 33386 | Vaults:4 | Identified the +1 leather armour "Bupn" {Regen+}
 33392 | Vaults:4 | Identified the +11 flail "Gaowiap" {drain, rElec rPois rF+
                  | Dex-3}
 33623 | D:14     | Upgraded the game from 0.30-a0-457-g4b7bca3bfa to
                  | 0.30-a0-458-g86641cc369
 33945 | Depths:1 | Entered Level 1 of the Depths
 34003 | Depths:1 | Found a shadowy altar of Dithmenos.
 34225 | Depths:1 | Identified the +2 ring mail "Ykylug" {Harm rElec Will-
                  | Slay+3}
 34283 | Depths:1 | Identified the +0 chain mail "Voxeduel" {rF+}
 34441 | Depths:1 | Found a one-way gateway to a ziggurat.
 34478 | Depths:1 | Found a gateway to Hell.
 34606 | Depths:1 | Lost mutation: You have a considerably increased reservoir
                  | of magic. (+20% MP) [Jiyva's grace]
 34606 | Depths:1 | Lost mutation: You have acidic saliva. [Jiyva's grace]
 34606 | Depths:1 | Lost mutation: Your translucent skin reduces your foes'
                  | accuracy. (Stealth+) [Jiyva's grace]
 34606 | Depths:1 | Lost mutation: You are covered in slimy tendrils that may
                  | disarm your opponents. [Jiyva's grace]
 34606 | Depths:1 | Gained mutation: Your translucent skin reduces your foes'
                  | accuracy. (Stealth+) [Jiyva's grace]
 34606 | Depths:1 | Gained mutation: Your transparent skin significantly
                  | reduces your foes' accuracy. (Stealth+) [Jiyva's grace]
 34606 | Depths:1 | Gained mutation: You are somewhat resistant to further
                  | mutation. [Jiyva's grace]
 34606 | Depths:1 | Gained mutation: You are somewhat resistant to both further
                  | mutation and mutation removal. [Jiyva's grace]
 35120 | Abyss:3  | Cast into level 3 of the Abyss (hell knight)
 35139 | Abyss:3  | Killed an ancient lich
 35305 | Abyss:4  | Got an abyssal rune of Zot
 35434 | Depths:2 | Escaped the Abyss
 35528 | Depths:2 | Reached skill level 23 in Unarmed Combat
 35528 | Depths:2 | Noticed Vv
 35587 | Depths:2 | Killed Vv
 35676 | Depths:2 | Found a one-way gate leading to the halls of Pandemonium.
 35742 | Depths:2 | Found a glowing silver altar of Zin.
 35742 | Depths:2 | Found a white marble altar of Elyvilon.
 35742 | Depths:2 | Found a glowing golden altar of the Shining One.
 35751 | Depths:2 | Reached XP level 22. HP: 237/237 MP: 25/25
 35949 | Depths:2 | Found the necklace of Bloodlust {*Rage Will++ Int-3 Slay+6}
 36071 | Depths:2 | Noticed Aizul
 36079 | Depths:2 | Killed Aizul
 36267 | Depths:2 | Found a shimmering blue altar of Sif Muna.
 36463 | Depths:3 | Lost mutation: You have a pair of horns on your head.
                  | [Jiyva's grace]
 36463 | Depths:3 | Lost mutation: You have a pair of small horns on your head.
                  | [Jiyva's grace]
 36463 | Depths:3 | Lost mutation: You are completely covered in iridescent
                  | scales. (AC +6) [Jiyva's grace]
 36463 | Depths:3 | Lost mutation: You are mostly covered in iridescent scales.
                  | (AC +4) [Jiyva's grace]
 36463 | Depths:3 | Lost mutation: Your flesh is cold resistant. (rC+) [Jiyva's
                  | grace]
 36463 | Depths:3 | Lost mutation: You are somewhat resistant to both further
                  | mutation and mutation removal. [Jiyva's grace]
 36463 | Depths:3 | Lost mutation: Your transparent skin significantly reduces
                  | your foes' accuracy. (Stealth+) [Jiyva's grace]
 36463 | Depths:3 | Gained mutation: You are highly strong-willed. (Will++)
                  | [Jiyva's grace]
 36463 | Depths:3 | Gained mutation: You are extremely strong-willed. (Will+++)
                  | [Jiyva's grace]
 36463 | Depths:3 | Gained mutation: Your body has grown many eyes which may
                  | confuse attackers. (Acc +5) [Jiyva's grace]
 36463 | Depths:3 | Gained mutation: Your body is covered in eyes which may
                  | confuse attackers. (Acc +7, SInv) [Jiyva's grace]
 37068 | D:7      | Bought a +2 kite shield of cold resistance for 279 gold
                  | pieces
 37385 | Depths:3 | Noticed a golden dragon
 37392 | Depths:3 | Killed a golden dragon
 37481 | Depths:3 | Reached skill level 24 in Unarmed Combat
 37540 | Depths:3 | Noticed a juggernaut
 37556 | Depths:3 | Killed a juggernaut
 37936 | Depths:4 | Entered Level 4 of the Depths
 37936 | Depths:4 | Noticed Boris
 37950 | Depths:3 | Killed Boris
 38130 | Depths:4 | Reached skill level 25 in Unarmed Combat
 38231 | Depths:4 | Noticed a golden dragon
 38246 | Depths:4 | Killed a golden dragon
 38673 | Depths:4 | Found a corrupted altar of Lugonu.
 38740 | Depths:4 | Noticed a golden dragon
 38750 | Depths:4 | Killed a golden dragon
 38751 | Depths:4 | Reached XP level 23. HP: 239/247 MP: 26/26
 38772 | Depths:4 | Found a gate to the Realm of Zot.
 39110 | Vaults:5 | Entered Level 5 of the Vaults
 39121 | Vaults:5 | Noticed a dread lich
 39131 | Vaults:5 | Killed a dread lich
 39132 | Vaults:5 | Reached skill level 26 in Unarmed Combat
 39225 | Vaults:5 | Noticed a dread lich
 39234 | Vaults:5 | Killed a dread lich
 39251 | Vaults:5 | Identified the +5 great sword of Success {flame, rPois}
 39401 | Vaults:5 | Identified the +4 mace "Zamn" {antimagic, *Slow Str+3 Dex+6
                  | SInv}
 39405 | Vaults:5 | Identified the +1 scimitar "Jirog" {spect, rF+ rCorr Dex+9}
 39408 | Vaults:5 | Got a silver rune of Zot
 39416 | Vaults:5 | Identified the +8 great sword of Ygideris {vorpal, rN+}
 39496 | Vaults:5 | Reached skill level 27 in Unarmed Combat
 39653 | Vaults:5 | Identified the +1 ring mail of Hangman {rF+ rCorr Dex+3}
 39756 | Vaults:5 | Found Nyelic's Distillery.
 39811 | Vaults:5 | Bought a potion of curing for 57 gold pieces
 39811 | Vaults:5 | Bought a potion of curing for 57 gold pieces
 39811 | Vaults:5 | Bought 2 potions of heal wounds for 190 gold pieces
 39811 | Vaults:5 | Bought a potion of curing for 57 gold pieces
 39811 | Vaults:5 | Bought a potion of invisibility for 152 gold pieces
 39852 | Vaults:5 | Identified the +6 battleaxe of Wiwim {protect, rC+ rN+
                  | Str+3 SInv}
 39859 | Vaults:5 | Reached skill level 15 in Throwing
 39897 | Vaults:5 | HP: 3/241 [yaktaur captain/bolt (25)]
 40210 | Vaults:5 | Identified the +0 glaive of the Stoat {vorpal, Fly rCorr
                  | Dex+3}
 40283 | Vaults:5 | Lost mutation: You are partially covered in iridescent
                  | scales. (AC +2) [Jiyva's grace]
 40283 | Vaults:5 | Lost mutation: You are somewhat resistant to further
                  | mutation. [Jiyva's grace]
 40283 | Vaults:5 | Lost mutation: Armour fits poorly on your pseudopods.
                  | [Jiyva's grace]
 40283 | Vaults:5 | Lost mutation: Your translucent skin reduces your foes'
                  | accuracy. (Stealth+) [Jiyva's grace]
 40283 | Vaults:5 | Lost mutation: You have large cloven feet. [Jiyva's grace]
 40283 | Vaults:5 | Gained mutation: You have sharp toenails. [Jiyva's grace]
 40283 | Vaults:5 | Gained mutation: You have razor-sharp toenails. [Jiyva's
                  | grace]
 40283 | Vaults:5 | Gained mutation: You have claws for feet. [Jiyva's grace]
 40283 | Vaults:5 | Gained mutation: You have acidic saliva. [Jiyva's grace]
 40473 | Vaults:5 | Identified the +0 cloak of Agnosticism {rElec rPois Int-4
                  | Dex+3}
 40960 | Shoals:4 | Got a barnacled rune of Zot
 41311 | Zot:1    | Entered Level 1 of the Realm of Zot
 41311 | Zot:1    | Noticed an orb of fire
 41320 | Depths:4 | Gained mutation: You are occasionally teleported next to
                  | monsters. [an orb of fire]
 41323 | Depths:4 | Killed an orb of fire
 41351 | Zot:1    | Identified the +0 hand axe "Efeosch" {venom, Int+7}
 41562 | Zot:1    | Reached XP level 24. HP: 155/258 MP: 26/26
 42429 | Zot:2    | Lost mutation: You heal very quickly. [Jiyva's grace]
 42429 | Zot:2    | Lost mutation: You are occasionally teleported next to
                  | monsters. [Jiyva's grace]
 42429 | Zot:2    | Lost mutation: You have acidic saliva. [Jiyva's grace]
 42429 | Zot:2    | Lost mutation: You have a small jelly attached to you that
                  | may absorb projectiles. [Jiyva's grace]
 42429 | Zot:2    | Gained mutation: You are agile. (Dex +4, Str/Int -1)
                  | [Jiyva's grace]
 42429 | Zot:2    | Gained mutation: You are very agile. (Dex +8, Str/Int -2)
                  | [Jiyva's grace]
 42429 | Zot:2    | Gained mutation: You are partially covered in iridescent
                  | scales. (AC +2) [Jiyva's grace]
 42429 | Zot:2    | Gained mutation: You are mostly covered in iridescent
                  | scales. (AC +4) [Jiyva's grace]
 42468 | Zot:2    | Identified the +2 robe of the Big Bang {+Blink rElec Slay+3
                  | Stlth-}
 43031 | Zot:3    | Noticed a Killer Klown
 43075 | Zot:3    | Killed a Killer Klown
 43916 | Zot:4    | Reached skill level 15 in Armour
 44101 | Zot:4    | Noticed a Killer Klown
 44133 | Zot:4    | Killed a Killer Klown
 44303 | Zot:4    | Lost mutation: You have claws for feet. [Jiyva's grace]
 44303 | Zot:4    | Lost mutation: You have razor-sharp toenails. [Jiyva's
                  | grace]
 44303 | Zot:4    | Lost mutation: You are very agile. (Dex +8, Str/Int -2)
                  | [Jiyva's grace]
 44303 | Zot:4    | Lost mutation: You have an increased reservoir of magic.
                  | (+10% MP) [Jiyva's grace]
 44303 | Zot:4    | Lost mutation: Your translucent skin slightly reduces your
                  | foes' accuracy. (Stealth+) [Jiyva's grace]
 44303 | Zot:4    | Gained mutation: You have acidic saliva. [Jiyva's grace]
 44303 | Zot:4    | Gained mutation: Your translucent skin slightly reduces
                  | your foes' accuracy. (Stealth+) [Jiyva's grace]
 44303 | Zot:4    | Gained mutation: Your translucent skin reduces your foes'
                  | accuracy. (Stealth+) [Jiyva's grace]
 44303 | Zot:4    | Gained mutation: Your transparent skin significantly
                  | reduces your foes' accuracy. (Stealth+) [Jiyva's grace]
 44481 | Zot:4    | Noticed an orb of fire
 44483 | Zot:4    | Gained mutation: You are frail. (-10% HP) [an orb of fire]
 44484 | Zot:4    | Gained mutation: You are vulnerable to cold. (rC-) [an orb
                  | of fire]
 44489 | Zot:4    | Gained mutation: You sometimes lose your temper in combat.
                  | [an orb of fire]
 44496 | Zot:4    | Killed an orb of fire
 45001 | Zot:4    | Lost mutation: You have acidic saliva. [potion of mutation]
 45001 | Zot:4    | Lost mutation: You are extremely strong-willed. (Will+++)
                  | [potion of mutation]
 45001 | Zot:4    | Lost mutation: You sometimes lose your temper in combat.
                  | [potion of mutation]
 45001 | Zot:4    | Gained mutation: Your mind is acute. (Int +4, Str/Dex -1)
                  | [potion of mutation]
 45014 | Zot:4    | Identified the amulet "Dopoazueje" {Spirit Harm rCorr}
 45035 | Zot:4    | Identified the +9 war axe "Piyxt" {venom, Fly rF- Will+++
                  | Dex-4}
 45102 | Zot:4    | Identified the +9 dagger "Vatuet" {pain, Str+2}
 45209 | Zot:4    | Reached XP level 25. HP: 184/245 MP: 23/23
 45235 | Zot:4    | Identified the +5 short sword of Kismet {freeze, *Slow
                  | rElec rC+ Will+}
 45346 | Zot:5    | Entered Level 5 of the Realm of Zot
 45514 | Zot:5    | Found a runed translucent door.
 45520 | Zot:5    | Noticed pokeman's ghost (master DEHW)
 45716 | Zot:5    | Noticed a Killer Klown
 45762 | Zot:5    | Killed a Killer Klown
 45764 | Zot:5    | Noticed a dread lich
 45778 | Zot:5    | Killed a dread lich
 45804 | Zot:5    | Noticed an orb of fire
 45823 | Zot:5    | Killed an orb of fire
 45904 | Zot:5    | Noticed a Killer Klown
 45912 | Zot:5    | Killed a Killer Klown
 46197 | Zot:5    | Noticed a Killer Klown
 46199 | Zot:5    | Noticed a Killer Klown
 46200 | Zot:5    | Noticed an ancient lich
 46202 | Zot:5    | Noticed a dread lich
 46229 | Zot:5    | Killed an ancient lich
 46230 | Zot:5    | Killed a dread lich
 46232 | Zot:5    | Killed a Killer Klown
 46238 | Zot:5    | Killed a Killer Klown
 46368 | Zot:5    | Noticed an orb of fire
 46378 | Zot:5    | Gained mutation: Your body sometimes deteriorates upon
                  | taking damage. [an orb of fire]
 46381 | Zot:5    | Killed an orb of fire
 46407 | Zot:5    | Noticed an orb of fire
 46419 | Zot:5    | Killed an orb of fire
 46433 | Zot:5    | Noticed an orb of fire
 46439 | Zot:5    | Gained mutation: You are very frail. (-20% HP) [an orb of
                  | fire]
 46441 | Zot:5    | Killed an orb of fire
 46453 | Zot:5    | Lost mutation: You have sharp toenails. [potion of
                  | mutation]
 46453 | Zot:5    | Lost mutation: You are agile. (Dex +4, Str/Int -1) [potion
                  | of mutation]
 46453 | Zot:5    | Lost mutation: Your mind is acute. (Int +4, Str/Dex -1)
                  | [potion of mutation]
 46454 | Zot:5    | Lost mutation: Your melee attacks may engulf your foes in
                  | ooze. [potion of mutation]
 46454 | Zot:5    | Lost mutation: You are very frail. (-20% HP) [potion of
                  | mutation]
 46454 | Zot:5    | Lost mutation: You are vulnerable to cold. (rC-) [potion of
                  | mutation]
 46524 | Zot:5    | Noticed an orb of fire
 46534 | Zot:5    | Killed an orb of fire
 46542 | Zot:5    | Noticed a dread lich
 46700 | Zot:5    | Killed a dread lich
 46710 | Zot:5    | Noticed a Killer Klown
 46715 | Zot:5    | Noticed an orb of fire
 46716 | Zot:5    | Noticed an orb of fire
 46946 | Zot:5    | Gained mutation: You are weak. (Str -2) [an orb of fire]
 46950 | Zot:5    | Killed an orb of fire
 47001 | Zot:5    | Gained mutation: You are clumsy. (Dex -2) [an orb of fire]
 47004 | Zot:5    | Killed a Killer Klown
 47013 | Zot:5    | Killed an orb of fire
 47081 | Zot:5    | Got the Orb of Zot
 47220 | Zot:2    | Noticed Ifu Hohy the pandemonium lord
 47253 | Zot:2    | Killed Ifu Hohy the pandemonium lord
 47278 | Zot:2    | Noticed Kudemuli the pandemonium lord
 47463 | D:14     | Reached XP level 26. HP: 260/260 MP: 23/23
 47600 | D:6      | Noticed Fawit the pandemonium lord
 47613 | D:6      | Killed Fawit the pandemonium lord
 47745 | D:$      | Escaped with the Orb!

Illustrated notes

Levels and vault maps discovered:
D:1:      lemuel_arrival_broad_hall, layout_loops_ring
D:2:      layout_basic, dreamdust_ecumenical_altar_grove, uniq_robin
D:3:      layout_basic, marbit_many_paths
D:4:      layout_rooms, fedhas_altar_decomposition,
          minmay_temple_entry_crystal_x, serial_co_window_serial,
          co_window_paths_a, co_window_of_opportunity_a, co_window_paths_a,
          co_window_of_opportunity_a, co_window_paths_b,
          co_window_of_opportunity_a, co_window_broadway_a, co_window_paths_c,
          co_window_broadway_c, glass_columns_a, glass_columns_a,
          glass_columns_c, glass_columns_a, glass_columns_a, minivault_4
D:5:      layout_layer_cave, mainiacjoe_overflow_cross_hatched,
          uniq_blork_the_orc
D:6:      layout_basic, amcnicky_altar_gilded, nicolae_overflow_hidden_temple
D:7:      layout_basic, grunt_temple_overflow_opulence, serial_shops,
          nicolae_diamond_shop
D:8:      layout_basic, overflow_temple_1_default, palyth_stone_intersect
D:9:      layout_basic, lemuel_coloured_pillars_altar, david_orc_3,
          serial_co_window_serial, co_window_corner_a, co_window_paths_a,
          co_window_corner_a, co_window_corner_a, co_window_of_opportunity_a,
          co_window_corner_a, co_window_of_opportunity_a, co_window_paths_c,
          co_window_unsneaky_path_e, co_window_corner_b, co_window_corner_b,
          co_window_2corner, glass_columns_b, glass_columns_c, glass_columns_a,
          uniq_grum, uniq_joseph
D:10:     layout_irregular_city, kennysheep_slug_shrine
D:11:     layout_basic, david_lair_generic, hangedman_fish_farm
D:12:     layout_basic, serial_shops, shop, guppyfry_shop_earth, uniq_fannar
D:13:     layout_roguey, serial_glass, glass_columns_a, glass_columns_c,
          tso_altar
D:14:     minmay_complete_graph, layout_gridville, david_vaults_4,
          minmay_misc_feat_alley, biasface_ghost_orc_armoury, elyvilon_altar_5
D:15:     gammafunk_enter_depths_forms, layout_cave_pools,
          amcnicky_mini_rare_corridor_liquid, serial_bayou_ford_a
Lair:1:   layout_gridlike, special_room [special_room_bee]
Lair:2:   layout_chaotic_city, elwin_shoals_entry_stream
Lair:3:   layout_loops_ring, nicolae_spider_entry_non_spiders,
          grunt_forest_large_clearings
Lair:4:   layout_small_grid, portal_ice_cave_demonic_guard
Lair:5:   hellmonk_lair_end_abyssal_woods, layout_misc_corridors, slime_entry_1
Shoals:1: layout_shoals
Shoals:2: layout_shoals, nicolae_shoals_spectral_cove
Shoals:3: layout_shoals, uniq_mara
Shoals:4: shoals_end_simple, layout_shoals, nicolae_shoals_seven_spires,
          argonaut_gorgonesque, uniq_donald
Spider:1: layout_spider_delve, guppyfry_spider_mini_3, uniq_agnes, uniq_frances
Spider:2: layout_spider_delve, nicolae_spider_circle_web
Spider:3: layout_spider_delve, uniq_louise
Spider:4: floodkiller_spider_rune_tomb
Slime:1:  cheibrodos_slime_lost_civilization_2, layout_caves
Slime:2:  layout_caves
Slime:3:  layout_caves
Slime:4:  layout_caves
Slime:5
Orc:1:    cheibrodos_orc_guarddog, layout_caves, nicolae_shop_self_help
Orc:2:    grunt_orc_tribal_feast, layout_caves, ebering_ghost_inner_flame,
          basic_altar, nicolae_orc_damp_corner
Elf:1:    layout_loops_cross, serial_shops, nicolae_square_shop,
          minmay_elf_necromancy, uniq_roxanne
Elf:2:    nicolae_elf_blades_crystal_corner, layout_onion_city, serial_shops,
          nicolae_shop_hallway_stairs, st_stairs_4, hangedman_summoners_spam,
          uniq_asterion
Elf:3:    elf_hall_gauntlet_wide, layout_loops_corners, serial_shops, shop,
          nicolae_elf_archery_training
Vaults:1: v_misc_28, nicolae_vaults_an_arrangement, vaults_room_door_hall,
          nicolae_vaults_network_star, v_misc_16, vaults_standard_mumra_x,
          v_misc_23, hangedman_vaults_stream, v_misc_30,
          nicolae_vaults_specimen_jars, vaults_mumra_lcd,
          ontoclasm_vaults_gateway, layout_vaults_omnicross, serial_shops,
          nicolae_shop_bloodbath_and_beyond, enter_trove_6
Vaults:2: portal_desolation_entry_nicolae_slug, nicolae_vaults_network_s,
          vaults_room_pool, nicolae_vaults_little_squares_6,
          vaults_mumra_minichess_inversion, v_misc_9, v_misc_3,
          layout_vaults_omnigrid, serial_shops, shop, nicolae_square_shop,
          nicolae_square_shop, shop, shop, uniq_boris, uniq_nikola
Vaults:3: gammafunk_ghost_arena, hangedman_vaults_pinch,
          minmay_crypt_entry_simple_box, nicolae_vaults_hallways_thing,
          nicolae_vaults_network_periphery, vaults_room_pool,
          vaults_room_door_hall, v_pattern_1, v_misc_25, v_alt_pattern_1,
          vaults_room_semicircle, nicolae_vaults_sealed_display,
          vaults_mumra_minichess, layout_vaults_ring, serial_shops,
          nicolae_lakefront_shop, uniq_margery
Vaults:4: v_misc_4, hangedman_vaults_locks, v_misc_16,
          nicolae_vaults_big_angled_halls, vaults_room_corners,
          dpeg_vaults_waves, v_misc_16, grunt_vaults_focal,
          vaults_room_stairs_pillars, hangedman_vaults_stretched_pinwheel,
          vaults_dpeg_hooks, layout_vaults_omnibox
Vaults:5
Depths:1: kennysheep_water_balloons, layout_gridlike, enter_ziggurat_c,
          hell_entry, serial_sigils, serial_sigils_hangedman_clutch,
          serial_sigils_hangedman_quiver, serial_sigils_hangedman_quiver,
          serial_sigils_hangedman_scar, serial_sigils_hangedman_stare,
          serial_sigils_hangedman_quiver, nicolae_dithmenos_the_darkroom
Depths:2: nicolae_cairo_tiling, layout_cave_pools, rand_demon_pan_entry_5,
          hell_entry, led_sif_pool, hallowed_hall, uniq_vv, uniq_aizul
Depths:3: evilmike_lava_path, layout_basic, abyss_entry_small_statue_room,
          grunt_metal_band
Depths:4: grunt_zot_entry_gee_three, layout_gridlike, hell_entry,
          abyss_entry_flame_altar, abandoned_shop
Zot:1:    layout_gridlike, grunt_megastairs_2
Zot:2:    layout_gridlike
Zot:3:    layout_gridlike, nicolae_lava_and_water, grunt_megastairs_5
Zot:4:    layout_cathedral_of_symmetry, hangedman_zot_decor_tridents,
          st_large_dragon_hoard_4
Zot:5:    layout_onion, ebering_ghost_reflecting_pool

Skill      XL: |  1  2  3  4  5  6  7  8  9 10 11 12 13 14 15 16 17 18 19 20 21 22 23 24 25 26 |
---------------+-------------------------------------------------------------------------------+-----
Unarmed Combat | 1 2 3 4 6 7 9 10 11 13 14 15 16 18 20 21 22 23 25 27 | 27.0
Fighting       | 1 2 3 4 5 6 8 9 10 11 12 14 15 16 17 18 20 21 | 21.7
Dodging        | 4 6 7 10 14 | 14.3
Shields        | 7 11 12 | 12.0
Armour         | 8 12 13 15 17 18 | 18.1
Throwing       | 6 10 13 14 15 16 | 16.0
Short Blades   | |  0.7
Stealth        | |  1.5
Spellcasting   | |  1.2
Hexes          | |  2.0

Action                   |  1- 3 |  4- 6 |  7- 9 | 10-12 | 13-15 | 16-18 | 19-21 | 22-24 | 25-27 || total
-------------------------+-------+-------+-------+-------+-------+-------+-------+-------+-------++-------
Melee: Unarmed           |   113 |   168 |   287 |   555 |  1170 |  1509 |  1446 |  1663 |   415 ||  7326
       Punch             |     3 |     5 |    17 |    31 |    30 |       |       |       |       ||    86
       Bite              |       |       |       |    66 |   192 |   246 |   228 |    59 |       ||   791
       Kick              |       |       |       |    91 |   291 |   641 |   693 |   909 |   106 ||  2731
       Pseudopods        |       |       |       |       |       |   220 |   460 |   366 |       ||  1046
       Headbutt          |       |       |       |       |       |       |   433 |    31 |       ||   464
Throw: Boomerang         |       |       |       |       |       |    10 |    92 |    25 |       ||   127
       Javelin           |       |       |       |       |       |       |    16 |       |       ||    16
       Large rock        |       |       |       |       |       |       |     4 |    49 |    23 ||    76
Invok: Oozemancy         |       |       |     3 |     1 |     6 |     1 |     1 |     1 |     2 ||    15
       Slimify           |       |       |       |     1 |       |     3 |       |       |       ||     4
Evoke: Wand              |       |       |    10 |     4 |     7 |    16 |     3 |       |     1 ||    41
       Tin of tremorston |       |       |       |       |       |     1 |       |     2 |       ||     3
       Phantom mirror    |       |       |       |       |       |       |     1 |       |       ||     1
  Use: Scroll            |     4 |     5 |     7 |     7 |     4 |     9 |     7 |    12 |     7 ||    62
       Potion            |     1 |       |       |     1 |     5 |       |     2 |     6 |    24 ||    39
 Stab: Sleeping          |     2 |     3 |       |     1 |     3 |       |       |       |       ||     9
       Invisible         |     2 |       |       |       |    16 |       |       |       |       ||    18
       Distracted        |       |       |       |       |     1 |       |       |     2 |     1 ||     4
       Confused          |       |       |       |       |    31 |    68 |    33 |    69 |     4 ||   205
       Petrified         |       |       |       |       |     3 |     1 |       |       |       ||     4
Armor: Robe              |    46 |    50 |    59 |   135 |   149 |       |       |       |       ||   439
       Storm dragon scal |       |       |       |       |   140 |   596 |   485 |   484 |   180 ||  1885
       Pearl dragon scal |       |       |       |       |       |       |    64 |   173 |       ||   237
Dodge: Dodged            |    63 |    99 |   260 |   544 |   739 |   690 |   658 |   492 |   108 ||  3653
Block: Kite shield       |       |       |       |       |   361 |   890 |   835 |   728 |   214 ||  3028
       Reflection        |       |       |       |       |       |    31 |    60 |     2 |       ||    93

Table legend: (Time is in decaauts)
 A = Elapsed time spent in this place.
 B = Non-inter-level travel time spent in this place.
 C = Inter-level travel time spent in this place.
 D = Time resting spent in this place.
 E = Time spent auto-exploring this place.
 F = Levels seen in this place.
 G = Mean time per level.
                   A        B        C        D        E       F      G
               +--------+--------+--------+--------+--------+-----+--------+
         Total |  45755 |  40340 |   5415 |    562 |  28153 |  57 |  802.7 |
       Dungeon |  12996 |  10963 |   2033 |    141 |   8317 |  15 |  866.4 |
          Lair |   4275 |   3683 |    592 |      0 |   2734 |   5 |  855.0 |
        Shoals |   3351 |   2995 |    356 |    102 |   1767 |   4 |  837.8 |
   Spider Nest |   2876 |   2586 |    290 |     34 |   1616 |   4 |  719.0 |
    Slime Pits |    330 |    196 |    134 |      0 |    131 |   5 |   66.0 |
  Orcish Mines |   1603 |   1263 |    340 |      0 |    916 |   2 |  801.5 |
   Elven Halls |   2990 |   2817 |    173 |      0 |   2029 |   3 |  996.7 |
        Vaults |   5883 |   5123 |    760 |      0 |   3624 |   5 | 1176.6 |
        Depths |   4212 |   3833 |    379 |    148 |   2481 |   4 | 1053.0 |
           Zot |   5599 |   5243 |    356 |     84 |   3867 |   5 | 1119.8 |
         Abyss |    452 |    452 |      0 |      0 |    161 |   3 |  150.7 |
      Ice Cave |    455 |    455 |      0 |     53 |    169 |   1 |  455.0 |
    Desolation |    728 |    728 |      0 |      0 |    341 |   1 |  728.0 |
               +--------+--------+--------+--------+--------+-----+--------+

Top non-repeatable levels by time:
   Zot:5: 1668 daAuts
    D:14: 1534 daAuts
   Zot:4: 1444 daAuts
Vaults:5: 1282 daAuts
Vaults:3: 1261 daAuts
Vaults:2: 1247 daAuts
   Elf:3: 1187 daAuts
Depths:1: 1175 daAuts
Depths:3: 1170 daAuts
Shoals:4: 1080 daAuts
     D:9: 1079 daAuts
Vaults:1: 1058 daAuts
Vaults:4: 1032 daAuts
    D:12: 1027 daAuts
    D:11: 1001 daAuts
